 Dungeon Crawl Stone Soup version 0.25-a0-719-gde951dce62 (webtiles) character file.

Game seed: 10874972009350224999, levelgen mode: deterministic

77 Hastur the Vandal (level 4, 0/27 HPs)
             Began as a Halfling Arcane Marksman on Apr 6, 2020.
             Succumbed to Terence's poison
             ... on level 2 of the Dungeon.
             The game lasted 00:06:02 (1701 turns).

Hastur the Vandal (Halfling Arcane Marksman)        Turns: 1701, Time: 00:06:02

Health: 0/27       AC:  5    Str: 11      XL:     4   Next: 60%
Magic:  5/5        EV: 15    Int: 10 (12) God:
Gold:   49         SH:  0    Dex: 13 (14) Spells: 4/5 levels left

rFire    . . .     SeeInvis .   a - +0 hunting sling
rCold    . . .     Gourm    .   (shield restricted)
rNeg     . . .     Faith    .   e - +0 robe
rPois    .         Spirit   .   c - +2 helmet
rElec    .         Reflect  .   (no cloak)
rCorr    .         Harm     .   (no gloves)
MR       .....                  (no boots)
Stlth    +.........             (no amulet)
HPRegen  0.09/turn              (no ring)
MPRegen  0.09/turn              (no ring)

@: lethally poisoned (0 -> -7)
A: small, mutation resistance 1
a: no special abilities


You were on level 2 of the Dungeon.
You were not hungry.

You visited 1 branch of the dungeon, and saw 2 of its levels.

You collected 49 gold pieces.

Inventory:

Hand Weapons
 a - a +0 hunting sling (weapon)
 g - a +1 trident of venom
Missiles
 m - 23 stones (quivered)
Armour
 c - a +2 helmet (worn)
 e - a +0 robe (worn)
Scrolls
 b - a scroll of noise {unknown}
 d - a scroll of amnesia {unknown}
 h - a scroll of blinking {unknown}
 i - a scroll of identify {unknown}
 j - a scroll of immolation {unknown}
Comestibles
 f - 4 rations


   Skills:
 - Level 0.8 Fighting
 + Level 6.5 Slings
 - Level 2.1 Dodging
 - Level 1.0 Spellcasting
 - Level 2.4 Hexes


You had 4 spell levels left.
You knew the following spells:

 Your Spells              Type           Power        Failure   Level  Hunger
a - Corona                Hex            #......      13%         1    ##.....

Your spell library contained the following spells:

 Spells                   Type           Power        Failure   Level  Hunger
 Slow                     Hex            #.......     21%         2    ###....
 Inner Flame              Hex/Fire       #.......     54%         3    ####...
 Portal Projectile        Hex/Tloc       #.....       54%         3    ####...
 Cause Fear               Hex            #.........   78%         4    #####..
 Leda's Liquefaction      Hex/Erth       #.........   91%         4    #####..


Dungeon Overview and Level Annotations

Branches:
Dungeon (2/15)

Altars:
Xom


Innate Abilities, Weirdness & Mutations

You are small and have problems with some larger weapons.
You are somewhat resistant to further mutation.


Message History

* * * LOW HITPOINT WARNING * * *
You feel sick.
Unknown command.
* * * LOW HITPOINT WARNING * * *
You feel sick.
Items here: (( ) [ † a +1 trident of venom; a +0 chain mail; 4 stones; a sling bullet the human corpse of Terence You butcher the human corpse of Terence.
* * * LOW HITPOINT WARNING * * *
You feel sick.
Items here: % (( ) [ ÷
g - a +1 trident of venom
* * * LOW HITPOINT WARNING * * *
You feel sick.
Unknown command.
* * * LOW HITPOINT WARNING * * *
You feel sick.
You see here a sling bullet.
You die...

### ### ######## #.# #.#
#.......
#####.##########.###.......
#.............##>..........
#.##########.###..##.......
#..........(.###..≈.≈......
#####...#.##.##..#..♣≈.....
#..<.[(@(((≈≈.♣.@≈.#####
#.........≈....♣.≈....@.
#..........≈....≈≈..####
#........♣≈.≈≈#≈≈≈.##
#.........≈.≈.≈...≈# #
########.≈≈≈#.≈≈#≈≈# #
#.≈..#.≈.#≈≈# #
#..≈.#.≈≈#.## #
##.......... .


There were no monsters in sight!

Vanquished Creatures
  Terence (D:2)
  An adder (D:2)
  An ooze (D:1)
  2 dart slugs (D:1)
  A leopard gecko (D:1)
  A giant cockroach (D:1)
  4 goblins
  4 hobgoblins
  4 jackals (D:1)
  A quokka (D:2)
  A ball python (D:1)
  4 bats
  3 frilled lizards (D:1)
  A kobold (D:1)
  4 rats
33 creatures vanquished.

Notes
Turn   | Place    | Note
-------+----------+-------------------------------------------
     0 | D:1      | Hastur the Halfling Arcane Marksman began the quest for the
                  | Orb.
     0 | D:1      | Reached XP level 1. HP: 12/12 MP: 2/2
   140 | D:1      | Reached XP level 2. HP: 18/18 MP: 3/3
   173 | D:1      | Reached skill level 4 in Slings
   314 | D:1      | Reached XP level 3. HP: 22/22 MP: 4/4
   343 | D:1      | Reached skill level 5 in Slings
  1029 | D:2      | Noticed Terence
  1408 | D:2      | Reached XP level 4. HP: 27/27 MP: 2/5
  1418 | D:2      | Found a shimmering altar of Xom.
  1418 | D:2      | Found a shimmering altar of Xom.
  1418 | D:2      | Found a shimmering altar of Xom.
  1694 | D:2      | Killed Terence
  1694 | D:2      | Reached skill level 6 in Slings
  1700 | D:2      | HP: 1/27 [poisoned by Terence]
  1701 | D:2      | Succumbed to Terence's poison

Levels and vault maps discovered:
D:1:      sevenhm_arrival_forest_fort_small_4, layout_loops_ring
D:2:      layout_basic, serial_rivers, chequers_serial_rivers_large_a,
          chequers_serial_rivers_marsh, chequers_serial_rivers_micro_a,
          chequers_serial_rivers_micro_e, chequers_serial_rivers_large_b,
          xom_redecorated, uniq_terence

Skill      XL: |  1  2  3  4 |
---------------+-------------+-----
Slings         | 4 5 6 |  6.5
Fighting       | |  0.8
Dodging        | |  2.1
Spellcasting   | |  1.0
Hexes          | |  2.4

Action                   |  1- 3 |  4- 6 || total
-------------------------+-------+-------++-------
Melee: Unarmed           |    10 |       ||    10
 Fire: Hunting sling     |   103 |    14 ||   117
 Cast: Corona            |    14 |     3 ||    17
  Use: Potion            |     2 |       ||     2
  Eat: Chunk             |     1 |       ||     1
       Ration            |       |     1 ||     1
Armor: Robe              |    23 |     2 ||    25
Dodge: Dodged            |    94 |     2 ||    96

Table legend:
 A = Non-vault XP
 B = Vault XP
 C = Vault XP percentage of total XP
 D = Non-vault monster count
 E = Vault monster count
 F = Vault count percentage of total count
                 A         B        C        D         E       F
            +---------+---------+-------+---------+---------+-------
      Total |      73 |      38 |  34.2 |      32 |       1 |   3.0
            +---------+---------+-------+---------+---------+-------
        D:1 |      51 |       0 |   0.0 |      26 |       0 |   0.0
        D:2 |      22 |      38 |  63.3 |       6 |       1 |  14.3
            +---------+---------+-------+---------+---------+-------
